 Dungeon Crawl Stone Soup version 0.26-a0-695-g987792ac36 (webtiles) character file.

Game seed: 18396755424170644891

78 Racklesnatz the Poker (level 4, 0/61 HPs)
             Began as a Minotaur Berserker on Oct 25, 2020.
             Was a Believer of Trog.
             Slain by a gnoll
             ... wielding a +0 spear
              (4 damage)
             ... on level 2 of the Dungeon.
             The game lasted 00:02:29 (996 turns).

Racklesnatz the Poker (Minotaur Berserker)           Turns: 996, Time: 00:02:30

Health: 0/61       AC:  2    Str: 22    XL:     4   Next: 15%
Magic:  3/3        EV: 12    Int:  4    God:    Trog [**....]
Gold:   50         SH:  0    Dex: 10    Spells: 3/3 levels left

rFire    . . .     SeeInvis .   a - +0 spear
rCold    . . .     Faith    .   (no shield)
rNeg     . . .     Spirit   .   b - +0 animal skin
rPois    .         Reflect  .   (helmet restricted)
rElec    .         Harm     .   (no cloak)
rCorr    .         Rampage  .   (no gloves)
MR       .....                  (no boots)
Stlth    ..........             (no amulet)
HPRegen  0.20/turn              (no ring)
MPRegen  0.08/turn              (no ring)

@: berserking, very quick
A: retaliatory headbutt, horns 2
a: Berserk, Trog's Hand, Renounce Religion


You were on level 2 of the Dungeon.
You worshipped Trog.
Trog was pleased with you.
You visited 1 branch of the dungeon, and saw 2 of its levels.

You collected 50 gold pieces.

Inventory:

Hand Weapons
 a - a +0 spear (weapon)
 j - a +0 dagger of electrocution
Armour
 b - a +0 animal skin (worn)
Scrolls
 c - a scroll of teleportation {unknown}
 d - a scroll of immolation {unknown}
 e - a scroll of identify {unknown}
 g - a scroll of amnesia {unknown}
 h - 3 scrolls of enchant armour {unknown}
 i - a scroll of fear {unknown}
 m - a scroll of blinking {unknown}
Potions
 f - a potion of heal wounds {unknown}
 k - 2 potions of stabbing {unknown}
 l - a potion of flight {unknown}


   Skills:
 + Level 4.3 Fighting
 + Level 4.9 Polearms
 + Level 2.6 Armour
 + Level 2.9 Dodging
 + Level 0.3 Stealth


You had 3 spell levels left.
You didn't know any spells.
Your spell library was empty.

Dungeon Overview and Level Annotations

Branches:
Dungeon (2/15)

Altars:


Innate Abilities, Weirdness & Mutations

You reflexively headbutt those who attack you in melee.
You have a pair of horns on your head.


Message History

You reach to attack!
You closely miss the goblin. The gnoll closely misses you.
Attack whom?
Press: ? - help, Dir - move target cursor, f/p - goblin
Aim: a goblin, wielding a +0 hunting sling and quivering 7 stones You reach to attack!
You puncture the goblin!
You kill the goblin!
Trog accepts your kill.
Attack whom?
Press: ? - help, Dir - move target cursor, f - gnoll
Aim: a gnoll You reach to attack!
You barely miss the gnoll.
The gnoll hits you from afar with a +0 spear.
* * * LOW HITPOINT WARNING * * *
Attack whom?
Press: ? - help, Dir - move target cursor, f/p - gnoll
Aim: a gnoll You reach to attack!
You hit the gnoll.
The gnoll is heavily wounded.
The gnoll hits you from afar with a +0 spear.
You die...

................###
##).....>.....##
..#####..............#
.....^..#####.#....#...
#...)..((.###..###.. .
# ##.###...## #..# .#
#.#. #..##.......#..#
#....###g###.)....<#...
.......()g@........# ..
##....#.####.......#
#.....(.# #.........
##...#†.# ########..
.....###... .##.. ..##
## .## .# ..


You could see 2 gnolls.

Vanquished Creatures
  2 gnolls
  An adder (D:2)
  2 worms (D:2)
  A leopard gecko (D:1)
  2 giant cockroaches
  3 hobgoblins (D:1)
  3 jackals (D:2)
  5 bats
  5 frilled lizards (D:1)
  8 goblins
  7 kobolds
  4 rats (D:1)
43 creatures vanquished.

Notes
Turn   | Place    | Note
-------+----------+-------------------------------------------
     0 | D:1      | Racklesnatz the Minotaur Berserker began the quest for the
                  | Orb.
     0 | D:1      | Reached XP level 1. HP: 19/19 MP: 0/0
   163 | D:1      | Reached XP level 2. HP: 27/27 MP: 1/1
   670 | D:1      | Reached ** piety under Trog
   670 | D:1      | Reached XP level 3. HP: 33/33 MP: 2/2
   991 | D:2      | Reached XP level 4. HP: 7/41 MP: 3/3
   996 | D:2      | Slain by a gnoll

Illustrated notes

Levels and vault maps discovered:
D:1:      dpeg_arrival_long_road, layout_basic
D:2:      layout_rooms, nicolae_dithmenos_shadow_blocks, uniq_sigmund,
          uniq_jessica

Skill      XL: |  1  2 |
---------------+-------+-----
Polearms       | 4 |  4.9
Fighting       | 4 |  4.3
Armour         | |  2.6
Dodging        | |  2.9
Stealth        | |  0.3

Action                   |  1- 3 |  4- 6 || total
-------------------------+-------+-------++-------
Melee: Spear             |    99 |     5 ||   104
       Headbutt          |    10 |       ||    10
Invok: Berserk           |     1 |       ||     1
 Stab: Sleeping          |     2 |       ||     2
Armor: Animal skin       |    13 |       ||    13
Dodge: Dodged            |    42 |     2 ||    44

Table legend: (Time is in decaauts)
 A = Elapsed time spent in this place.
 B = Non-inter-level travel time spent in this place.
 C = Inter-level travel time spent in this place.
 D = Time resting spent in this place.
 E = Time spent auto-exploring this place.
 F = Levels seen in this place.
 G = Mean time per level.
                   A        B        C        D        E       F      G
               +--------+--------+--------+--------+--------+-----+--------+
         Total |    979 |    979 |      0 |      0 |    751 |   2 |  489.5 |
       Dungeon |    979 |    979 |      0 |      0 |    751 |   2 |  489.5 |
               +--------+--------+--------+--------+--------+-----+--------+

Top non-repeatable levels by time:
     D:1: 853 daAuts
     D:2: 126 daAuts
